 Dungeon Crawl Stone Soup version 0.23-a0-208-gb6b040f (webtiles) character file.

27379 Illumine the Spear-Bearer (level 13, -2/115 HPs)
             Began as a Minotaur Fighter on Sept 25, 2018.
             Was a High Priest of Okawaru.
             Slain by a white ugly thing (16 damage)
             ... on level 13 of the Dungeon.
             The game lasted 00:35:19 (14853 turns).

Illumine the Spear-Bearer (Minotaur Fighter)       Turns: 14853, Time: 00:35:19

Health: -2/115     AC: 14    Str: 27    XL:     13   Next: 4%
Magic:  16/28      EV: 11    Int:  5    God:    Okawaru [*****.]
Gold:   1020       SH:  0    Dex: 12    Spells: 12/12 levels left

rFire    + . .     SeeInvis .   U - +2 halberd (vamp)
rCold    + . .     Gourm    +   (shield currently unavailable)
rNeg     . . .     Faith    .   z - +0 plate armour
rPois    .         Spirit   .   (helmet restricted)
rElec    .         Reflect  .   R - scarf {rC+ rF+}
rCorr    .         Harm     .   u - +0 pair of gloves
MR       .....                  t - +2 pair of boots
Stlth    ..........             s - amulet of the gourmand
HPRegen  0.29/turn              E - +3 ring of strength
MPRegen  0.21/turn              H - ring of magical power

@: lethally poisoned (-2 -> -14), finesse, drained
A: retaliatory headbutt, horns 2, deformed body
a: Heroism, Finesse, Renounce Religion


You were on level 13 of the Dungeon.
You worshipped Okawaru.
Okawaru was extremely pleased with you.
You were not hungry.

You visited 2 branches of the dungeon, and saw 15 of its levels.
You also visited: Sewer.

You collected 1020 gold pieces.

Inventory:

Hand Weapons
 a - a +0 trident
 n - a +3 glaive of freezing
 r - the +8 trident of the Dozen Continents {pierce, *Contam +Blink Dex+3}
   (Okawaru gifted it to you on level 10 of the Dungeon)

   It inflicts extra damage upon your enemies.
   It affects your dexterity (+3).
   It lets you blink.
   It causes magical contamination when unequipped.
 C - a +1 halberd
 U - a +2 vampiric halberd (weapon)
Missiles
 b - 4 bolts
 g - 384 stones (quivered)
 h - 114 sling bullets
 y - 49 poisoned needles
 A - 148 arrows
 O - a throwing net
 P - 26 tomahawks
Armour
 c - a +0 shield
 t - a +2 pair of boots (worn)
 u - a +0 pair of gloves (worn)
 z - a +0 plate armour (worn)
 R - a scarf of resistance (worn)
 W - a +0 cloak of invisibility
Jewellery
 s - an amulet of the gourmand (around neck)
 E - a +3 ring of strength (left hand)
 H - a ring of magical power (right hand)
Wands
 w - a wand of paralysis (12)
 J - a wand of polymorph (30)
 L - a wand of acid (15)
 N - a wand of iceblast (10)
 T - a wand of random effects (11)
 V - a wand of enslavement (21)
Scrolls
 e - 3 scrolls of fear
 i - 8 scrolls of teleportation
 B - 2 scrolls of blinking
 I - a scroll of random uselessness {unknown}
 K - 5 scrolls of remove curse
 S - a scroll of immolation {unknown}
Potions
 d - 5 potions of haste
 j - a potion of flight
 k - a potion of invisibility
 l - a potion of cancellation
 m - 7 potions of curing
 o - a potion of resistance
 p - a potion of ambrosia
 v - 2 potions of lignification
 D - 3 potions of might
 G - a potion of berserk rage
Comestibles
 f - 16 rations


   Skills:
 + Level 10.9(10.8) Fighting
 * Level 13.7 Polearms
 + Level 10.9(10.8) Armour
 - Level 8.4 Dodging
 - Level 9.0(8.9) Shields
 - Level 10.4 Invocations


You had 12 spell levels left.
You didn't know any spells.
Your spell library contained the following spells:

 Spells                   Type           Power        Failure   Level  Hunger
 Beastly Appendage        Tmut           #.....       99%         1    ##.....
 Confusing Touch          Hex            #.....       99%         1    ##.....
 Sticks to Snakes         Tmut           #.......     100%        2    ###....
 Confuse                  Hex            #.......     100%        3    ####...
 Gell's Gravitas          Tloc           #.........   100%        3    ####...
 Spider Form              Tmut/Pois      #.........   100%        3    ####...
 Ice Form                 Ice/Tmut       #.......     100%        4    #####..
 Petrify                  Tmut/Erth      #.......     100%        4    #####..
 Blade Hands              Tmut           #.........   100%        5    ######.
 Metabolic Englaciation   Hex/Ice        #.........   100%        5    ######.
 Yara's Violent Unravell  Hex/Tmut       #.........   100%        5    ######.


Dungeon Overview and Level Annotations

Branches:
Dungeon (13/15)            Temple (0/1) D:4            Lair (0/6) D:8
    Orc (2/2) D:12
    Elf: Orc:2       Vaults: D:13-14

Altars:
Ashenzari
Dithmenos
Elyvilon
Gozag
Makhleb
Okawaru
Trog
Uskayaw
Beogh

Shops:
D:6 *   D:7 }   D:11 (   Orc:2 }*

Portals:
Trove: D:12 (give 18 potions of curing)


Innate Abilities, Weirdness & Mutations

You reflexively headbutt those who attack you in melee.
You have a pair of horns on your head.
Armour fits poorly on your strangely shaped body.


Message History

You feel sick.
The skeletal warrior hits you but does no damage.
The tengu conjurer barely misses you. The tengu conjurer pecks you.
* * * LOW HITPOINT WARNING * * *
The tengu conjurer misses you. The white ugly thing misses you.
You can now deal lightning-fast blows.
You feel sick.
The tengu conjurer gestures at you while chanting.
The ball explodes into a vile cloud!
The stinking cloud engulfs you!
The stinking cloud engulfs the white ugly thing.
The stinking cloud engulfs the skeletal warrior.
The skeletal warrior appears unharmed.
The stinking cloud engulfs the tengu conjurer.
The skeletal warrior hits you with a long sword!
* * * LOW HITPOINT WARNING * * *
The white ugly thing is engulfed in noxious fumes.
The white ugly thing tail-slaps you.
* * * LOW HITPOINT WARNING * * *
The white ugly thing freezes you! You resist.
You die...

#####.########
#..<..# #.##### #.#
#.# #.##.#########
#....(........
(......##(###### #
..##...##@#######.###
#.#.YuzQ(.........
#....{c.)*........
#..###.###..###.## ..
#..#..##..##.#
#..#.#..##....#
#..#...#..##..(# ..#
#..#..#...# .#
#..#.#(###


You could see a white ugly thing, a skeletal warrior, a yak, a tengu conjurer, a
centaur and a battlesphere.

Vanquished Creatures
  Erica (Orc:1)
  A death knight (D:12)
  3 two-headed ogres
  An orc high priest (Orc:1)
  Pikel (D:4)
  3 orc knights (Orc:1)
  2 cyclopes (D:11)
  An orc sorcerer (Orc:2)
  A manticore (D:11)
  A gargoyle (D:11)
  10 trolls
  Grinder (D:3)
  A hornet (D:10)
  5 hippogriffs
  23 yaks
  A vampire (D:12)
  4 vampire mosquitoes (D:11)
  2 basilisks
  3 hungry ghosts
  4 wargs
  4 porcupines (D:8)
  4 ice beasts
  4 sky beasts
  3 black bears
  23 orc warriors
  4 eyes of draining
  A phantom (D:9)
  A slave (D:4)
  14 ogres
  9 centaurs
  4 big kobolds
  2 crocodiles (D:8)
  12 bullfrogs
  2 gnoll sergeants (D:12)
  4 jellies
  4 scorpions
  A water moccasin skeleton (D:8)
  A water moccasin zombie (D:10)
  19 killer bees
  2 howler monkeys (D:11)
  4 wights (D:6)
  2 electric eels (D:12)
  5 crimson imps
  3 centaur zombies
  2 quasits (D:10)
  A bullfrog zombie (D:5)
  7 orc priests
  3 centaur skeletons
  A hound (D:12)
  A bullfrog skeleton (D:6)
  3 iron imps (D:8)
  A gnoll shaman (D:5)
  19 orc wizards
  8 worker ants
  8 gnolls
  A howler monkey skeleton (D:5)
  14 adders
  7 river rats (Sewer)
  A shadow imp (D:5)
  3 oozes
  An adder skeleton (D:6)
  3 dart slugs
  8 leopard geckos
  52 orcs
  16 ball pythons
  7 giant cockroaches
  7 goblins
  5 hobgoblins
  19 jackals
  8 quokkas
  8 bats
  4 frilled lizards
  10 kobolds
  A leopard gecko skeleton (D:5)
  26 rats
456 creatures vanquished.

Vanquished Creatures (others)
  An orc priest (Orc:2)
  A centaur skeleton (D:4)
  A fungus (Orc:2)
3 creatures vanquished.

Grand Total: 459 creatures vanquished

Notes
Turn   | Place    | Note
-------+----------+-------------------------------------------
     0 | D:1      | Illumine the Minotaur Fighter began the quest for the Orb.
     0 | D:1      | Reached XP level 1. HP: 19/19 MP: 0/0
   213 | D:1      | Reached XP level 2. HP: 27/27 MP: 1/1
   252 | D:1      | Reached skill level 3 in Polearms
   884 | D:1      | Reached XP level 3. HP: 33/33 MP: 2/2
  1088 | D:2      | Found an iron altar of Okawaru.
  1108 | D:2      | Became a worshipper of Warmaster Okawaru
  1222 | D:2      | Reached skill level 4 in Polearms
  1944 | D:3      | Reached XP level 4. HP: 40/40 MP: 3/3
  2117 | D:3      | Reached skill level 1 in Invocations
  2179 | D:3      | Found a shadowy altar of Dithmenos.
  2547 | D:3      | Reached skill level 5 in Polearms
  2547 | D:3      | Reached XP level 5. HP: 44/46 MP: 3/5
  2637 | D:3      | Found a white marble altar of Elyvilon.
  2669 | D:4      | Found a staircase to the Ecumenical Temple.
  2673 | D:4      | Noticed an ogre
  2806 | D:3      | Noticed Grinder
  2813 | D:3      | Paralysed by Grinder for 6 turns
  2825 | D:3      | Killed Grinder
  2825 | D:3      | Reached skill level 6 in Polearms
  2825 | D:3      | Reached skill level 5 in Shields
  2825 | D:3      | Reached XP level 6. HP: 10/52 MP: 6/6
  3108 | D:3      | Reached * piety under Okawaru
  3252 | D:4      | Reached XP level 7. HP: 58/58 MP: 8/8
  3329 | D:4      | Reached skill level 7 in Polearms
  3496 | D:4      | Noticed Pikel
  3538 | D:4      | Killed Pikel
  3538 | D:4      | Reached ** piety under Okawaru
  3538 | D:4      | Reached skill level 8 in Polearms
  3538 | D:4      | Reached XP level 8. HP: 49/66 MP: 8/10
  3815 | D:5      | Entered Level 5 of the Dungeon
  3841 | D:5      | Reached skill level 1 in Dodging
  4153 | D:5      | Reached *** piety under Okawaru
  4211 | D:5      | Reached skill level 9 in Polearms
  4484 | D:6      | Reached skill level 5 in Fighting
  4518 | D:6      | Reached skill level 5 in Invocations
  4525 | D:6      | Reached XP level 9. HP: 71/74 MP: 11/11
  4546 | D:6      | Reached skill level 5 in Armour
  4585 | D:6      | Found Nouzxasm's Needful Niceties.
  4881 | D:6      | Found a glowing drain.
  4885 | Sewer    | Entered a sewer
  5411 | D:6      | Reached **** piety under Okawaru
  5756 | D:6      | Found a bloodstained altar of Trog.
  5786 | D:6      | Found a shattered altar of Ashenzari.
  5865 | D:6      | Found an opulent altar of Gozag.
  6473 | D:7      | Noticed a troll
  6491 | D:7      | Killed a troll
  6491 | D:7      | Reached skill level 10 in Polearms
  6830 | D:7      | Found Mostregrez's Gadget Emporium.
  6990 | D:8      | You fall through a shaft for 3 floors!
  7014 | D:11     | Reached XP level 10. HP: 82/84 MP: 13/13
  7034 | D:11     | Reached ***** piety under Okawaru
  7036 | D:11     | Reached skill level 5 in Dodging
  7051 | D:11     | Received a gift from Okawaru
  7077 | D:11     | Noticed a gargoyle
  7085 | D:11     | Killed a gargoyle
  7183 | D:10     | Entered Level 10 of the Dungeon
  7494 | D:10     | Reached skill level 11 in Polearms
  7609 | D:10     | Received a gift from Okawaru
  7616 | D:10     | Got a scorched trident {god gift}
  7617 | D:10     | Identified the +8 trident of the Dozen Continents {pierce,
                  | *Contam +Blink Dex+3} (Okawaru gifted it to you on level 10
                  | of the Dungeon)
  7781 | D:8      | Reached XP level 11. HP: 92/94 MP: 15/15
  7814 | D:8      | Noticed a two-headed ogre
  7825 | D:8      | Killed a two-headed ogre
  7924 | D:8      | Found a burning altar of Makhleb.
  8113 | D:8      | Found a staircase to the Lair.
  8179 | D:8      | Received a gift from Okawaru
  8767 | D:9      | Noticed a two-headed ogre
  8776 | D:9      | Killed a two-headed ogre
  8790 | D:9      | Found a hide-covered altar of Uskayaw.
  8928 | D:9      | Reached skill level 12 in Polearms
  9415 | D:11     | Found Darestam's Antique Weapon Boutique.
 10102 | D:11     | Reached XP level 12. HP: 78/105 MP: 18/18
 10897 | D:12     | Found a portal to a secret trove of treasure.
 10914 | D:12     | Noticed a death knight
 10935 | D:12     | Killed a death knight
 11380 | D:12     | Reached skill level 10 in Invocations
 11391 | D:12     | Found a staircase to the Orcish Mines.
 11527 | D:12     | Received a gift from Okawaru
 11614 | Orc:1    | Entered Level 1 of the Orcish Mines
 11736 | Orc:1    | Reached skill level 10 in Fighting
 11893 | Orc:1    | Noticed Erica
 11912 | Orc:1    | Killed Erica
 11912 | Orc:1    | Reached skill level 10 in Armour
 11930 | Orc:1    | Found a roughly hewn altar of Beogh.
 12089 | Orc:1    | Noticed a two-headed ogre
 12098 | Orc:1    | Killed a two-headed ogre
 12141 | Orc:1    | Gained mutation: Armour fits poorly on your strangely
                  | shaped body. [mutagenic glow]
 12991 | Orc:1    | Reached skill level 13 in Polearms
 13216 | Orc:2    | Entered Level 2 of the Orcish Mines
 13224 | Orc:2    | Found a roughly hewn altar of Beogh.
 13255 | Orc:2    | Noticed an orc high priest
 13255 | Orc:2    | Noticed an orc high priest
 13465 | Orc:2    | Found Zethedar's Gadget Shoppe.
 13467 | Orc:2    | Found Irig's General Store.
 13933 | Orc:2    | Noticed an orc high priest
 14244 | Orc:2    | Noticed an orc high priest
 14260 | Orc:1    | Killed an orc high priest
 14825 | D:13     | Reached XP level 13. HP: 95/115 MP: 16/19
 14853 | D:13     | Slain by a white ugly thing

Vault maps used:
D:1:      wheals_arrival_linesprint
D:2:      kennysheep_okawaru_gauntlet, nicolae_overflow_hidden_temple,
          minmay_cupped
D:3:      lemuel_coloured_pillars_altar, grunt_dithmenos_smoke, uniq_grinder
D:4:      minmay_temple_entry_large_hall, minivault_24, uniq_pikel
D:5:      first_ration
D:6:      lemuel_doored_altar, grunt_gozag_statues, marbit_many_paths,
          gup_sewer_entry_bowl, nicolae_alphabet_shops
D:7:      serial_shops, shop
D:8:      demons_altar, minmay_lair_entry_grove
D:9:      nicolae_overflow_crystal_walls
D:11:     serial_shops, nicolae_shop_crystal
D:12:     kennysheep_orc_monster_closet_entryway, enter_trove_1
D:13:     minmay_the_grid_octo_triangle, grunt_pizzeria
Orc:1:    basic_altar, uniq_erica
Orc:2:    grunt_orc_gardens, grunt_orc_garden, grunt_orc_garden,
          grunt_orc_garden, grunt_orc_garden, serial_shops, shop, basic_altar
Sewer:    sewer_minmay_w

Skill      XL: |  1  2  3  4  5  6  7  8  9 10 11 12 |
---------------+-------------------------------------+-----
Polearms       | 3 4 5 6 8 9 10 11 12 13 | 13.7
Shields        | 4 5 6 7 8 9 |  9.0
Invocations    | 1 2 3 4 5 6 7 9 10 | 10.4
Fighting       | 5 6 8 9 10 | 10.9
Armour         | 4 6 8 9 10 | 10.9
Dodging        | 2 4 6 7 8 |  8.4

Action                   |  1- 3 |  4- 6 |  7- 9 | 10-12 | 13-15 || total
-------------------------+-------+-------+-------+-------+-------++-------
Melee: Trident           |   119 |    95 |   112 |   475 |       ||   801
       Headbutt          |    11 |    15 |    72 |   165 |     8 ||   271
       Halberd           |       |       |   266 |   197 |    26 ||   489
       Glaive            |       |       |       |    70 |       ||    70
Throw: Stone             |       |       |     4 |       |       ||     4
Invok: Heroism           |       |       |     1 |     5 |       ||     6
       Finesse           |       |       |       |     4 |     1 ||     5
  Use: Scroll            |       |     3 |    12 |    11 |       ||    26
       Potion            |       |     1 |       |     4 |       ||     5
  Eat: Chunk             |     3 |    17 |    13 |    31 |       ||    64
Armor: Scale mail        |    33 |    15 |       |       |       ||    48
       Chain mail        |       |    16 |   257 |   211 |       ||   484
       Plate armour      |       |       |       |    48 |    24 ||    72
Dodge: Dodged            |    14 |    19 |   181 |   254 |    31 ||   499
Block: Shield            |    51 |    41 |    48 |   162 |       ||   302

Table legend:
 A = Non-vault XP
 B = Vault XP
 C = Vault XP percentage of total XP
 D = Non-vault monster count
 E = Vault monster count
 F = Vault count percentage of total count
                 A         B        C        D         E       F
            +---------+---------+-------+---------+---------+-------
      Total |   28456 |   10657 |  27.2 |     350 |     107 |  23.4
            +---------+---------+-------+---------+---------+-------
        D:1 |      43 |       0 |   0.0 |      26 |       0 |   0.0
        D:2 |      48 |       5 |   9.4 |      16 |       3 |  15.8
        D:3 |     158 |     281 |  64.0 |      24 |       1 |   4.0
        D:4 |     557 |     607 |  52.1 |      17 |       1 |   5.6
        D:5 |     732 |       0 |   0.0 |      22 |       0 |   0.0
        D:6 |    1287 |       2 |   0.2 |      30 |       1 |   3.2
        D:7 |     964 |       0 |   0.0 |      14 |       0 |   0.0
        D:8 |    2585 |    2134 |  45.2 |      25 |      16 |  39.0
        D:9 |    2589 |       0 |   0.0 |      30 |       0 |   0.0
       D:10 |    3525 |       0 |   0.0 |      26 |       0 |   0.0
       D:11 |    6232 |       0 |   0.0 |      44 |       0 |   0.0
       D:12 |    4717 |    1817 |  27.8 |      34 |      20 |  37.0
       D:13 |     600 |     633 |  51.3 |       6 |       2 |  25.0
      Orc:1 |    4059 |    3869 |  48.8 |      28 |      11 |  28.2
      Orc:2 |     360 |     944 |  72.4 |       8 |       4 |  33.3
      Sewer |       0 |     365 | 100.0 |       0 |      48 | 100.0
            +---------+---------+-------+---------+---------+-------
